 Dungeon Crawl Stone Soup version 0.32-a0-551-g4936369 (webtiles) character file.

Game seed: 9740258981128110910

31103 tlatlagkaus the Eclecticist (level 13, -26/79 HPs)
             Began as a Mummy Alchemist on Feb 29, 2024.
             Was a High Priest of Vehumet.
             Killed by an exploding five-headed hydra (43 damage)
             ... ignited by their inner flame
             ... on level 5 of the Lair of Beasts.
             The game lasted 00:36:25 (3273 turns).

tlatlagkaus the Eclecticist (Mummy Alchemist)       Turns: 3273, Time: 00:36:27

Health: -26/79     AC: 14    Str: 13    XL:     13   Next: 24%
Magic:  30/35      EV: 17    Int: 18    God:    Vehumet [*****.]
Gold:   251        SH:  0    Dex: 12    Spells: 26/49 levels left

rFire   . . .        p - +0 arbalest
rCold   + . .        (shield currently unavailable)
rNeg    + + +        g - +0 steam dragon scales
rPois   ∞            i - +0 helmet
rElec   .            c - +0 cloak
rCorr   .            (no gloves)
SInv    .            v - +2 pair of boots "Feuffogrec" {+Inv rF+ Stlth+}
Will    +....        (no amulet)
Stlth   +++          s - +5 ring of evasion
HPRegen 0.33/turn    h - +4 ring of protection
MPRegen 0.24/turn

%: faith
@: very slightly contaminated
A: cold resistance 1, negative energy resistance 3, torment resistance 2, heat
vulnerability 1, in touch with death 2, no potions, faith
a: Renounce Religion, Evoke Invisibility


You were on level 5 of the Lair of Beasts.
You worshipped Vehumet.
Vehumet was extremely pleased with you.
You visited 3 branches of the dungeon, and saw 17 of its levels.
You also visited: Bailey.

You collected 587 gold pieces.
You spent 336 gold pieces at shops.

Inventory:

Hand Weapons
 b - a +1 vampiric dagger
 e - the +7 quarterstaff of Terror {spect, rC+ Will+ Str-5 SInv}
   (You found it on level 1 of the Lair of Beasts)

   Str-5:     It affects your strength (-5).
   rC+:       It protects you from cold.
   Will+:     It increases your willpower.
   SInv:      It lets you see invisible.
 k - a +5 broad axe
 p - a +0 arbalest (weapon)
Missiles
 f - a throwing net
Armour
 c - a +0 cloak (worn)
 g - +0 steam dragon scales (worn)
 i - a +0 helmet (worn)
 v - the +2 pair of boots "Feuffogrec" (worn) {+Inv rF+ Stlth+}
   (You acquired it in a bailey)

   rF+:       It protects you from fire.
   +Inv:      It lets you turn invisible.
   Stlth+:    It makes you more stealthy.
Magical Staves
 j - a staff of fire
 o - a staff of air
Jewellery
 h - a +4 ring of protection (right hand)
 s - a +5 ring of evasion (left hand)
Wands
 a - a wand of flame (5)
 y - a wand of warping (5)
Scrolls
 d - a scroll of immolation
 l - a scroll of amnesia {unknown}
 m - a scroll of vulnerability {unknown}
 n - a scroll of noise {unknown}
 q - a scroll of poison {unknown}
 r - 2 scrolls of brand weapon
 t - a scroll of revelation
 u - 2 scrolls of fear {unknown}
 w - a scroll of enchant weapon {unknown}
 x - a scroll of identify


   Skills:
 - Level 1.5 Dodging
 - Level 1.5 Stealth
 + Level 18.6 Spellcasting
 - Level 1.0 Conjurations
 + Level 11.7 Fire Magic
 - Level 8.0 Alchemy


You had 26 spell levels left.
You knew the following spells:

 Your Spells              Type           Power      Damage    Failure   Level
a - Sting                 Conj/Alch      100%       1d9       1%          1
b - Mercury Vapours       Alch/Air       62%        N/A       1%          2
c - Olgreb's Toxic Radia  Alch           45%        N/A       1%          4
d - Sticky Flame          Fire/Alch      51%        2d9       1%          4
e - Mephitic Cloud        Conj/Alch/Air  27%        N/A       1%          3
f - Eringya's Noxious Bo  Alch           22%        4d6       5%          6
g - Inner Flame           Hex/Fire       37%        N/A       1%          3

Your spell library contained the following spells:

 Spells                   Type           Power      Damage    Failure   Level
 Flame Wave               Conj/Fire      39%        2d11      1%          4
 Cigotuvi's Dreadful Rot  Necr/Alch/Air  100%       N/A       1%          2


Dungeon Overview and Level Annotations

Branches:
Dungeon (11/15)            Temple (1/1) D:4            Lair (5/5) D:10
  Slime (0/5) Lair:4       Bailey (visited)
  Swamp: Lair:2-3    Shoals: Lair:2-3     Snake: Lair:2-3    Spider: Lair:2-3
    Orc: D:9-12

Altars:
Cheibriados
Dithmenos
Fedhas
Gozag
Hepliaklqana
Makhleb
Nemelex Xobeh
Qazlal
Ru
Sif Muna
Trog
Uskayaw
Vehumet
Wu Jian
Xom
Yredelemnul
Jiyva

Shops:
D:2 ((   D:9 *

Portals:
Sewer: D:5

Annotations:
D:5 Grinder, Menkaure
D:6 2 runed translucent doors, korenl137's ghost, novice TeAE


Innate Abilities, Weirdness & Mutations

You are immune to poison.
Your flesh is cold resistant. (rC+)
You are immune to negative energy. (rN+++)
You are immune to unholy pain and torment.
You are vulnerable to heat. (rF-)
You are strongly in touch with the powers of death.
You do not drink.
You have a special connection with the divine. (Faith)


Message History

Flame seeps out of the five-headed hydra.
The five-headed hydra festers in the toxic bog!
The five-headed hydra looks as sick as possible!
Flame seeps out of the five-headed hydra.
The five-headed hydra is engulfed in a cloud of scalding steam.
Flame seeps out of the five-headed hydra.
The five-headed hydra festers in the toxic bog!
The five-headed hydra looks as sick as possible!
Flame seeps out of the five-headed hydra.
The komodo dragon festers in the toxic bog!
The komodo dragon looks as sick as possible!
The dream sheep festers in the toxic bog!
The dream sheep looks as sick as possible!
The komodo dragon festers in the toxic bog!
The komodo dragon looks as sick as possible!
The five-headed hydra festers in the toxic bog.
The five-headed hydra looks as sick as possible!
Flame seeps out of the five-headed hydra.
Unknown command.
Found a scroll of identify.
Your noxious spew wanes.
Flame seeps out of the five-headed hydra.
You kill the dream sheep!
Vehumet accepts your kill.
You feel your power returning.
The five-headed hydra is engulfed in blazing flames.
Flame seeps out of the five-headed hydra.
The five-headed hydra attacks as it pursues you!
The five-headed hydra bites you!
The five-headed hydra bites you but does no damage.
The five-headed hydra bites you. x2; The five-headed hydra bites you!
* * * LOW HITPOINT WARNING * * *
Flame seeps out of the five-headed hydra.
The five-headed hydra is engulfed in blazing flames.
Vehumet accepts your kill.
You feel your power returning.
The five-headed hydra explodes!
The fiery explosion engulfs you!!!
Ouch! That really hurt!
You die...

....... ......
........#......
.......#.....# ..
......#.....# ....
.....#.....# #....
.?.........##...........
..........#.............
.......@.#..............
........§§§...........#.
.........○§............P
.......P§.°..†..........
.......P.l...°.†........
........#....†.†<.......
.......#........†.......
..........†.............
..........†......††....


You could see a komodo dragon (extremely poisoned).

Vanquished Creatures
  An orc warlord (Bailey)
  Snorg (Lair:4)
  2 hydras
  A catoblepas (Lair:4)
  A two-headed ogre (D:9)
  17 death yaks
  Pikel (D:7)
  A lindwurm (Lair:5)
  A black mamba (Lair:4)
  5 cane toads
  2 komodo dragons
  A torpor snail (Lair:4)
  A troll (D:9)
  5 dream sheep (Lair:5)
  6 blink frogs
  3 basilisks
  44 yaks
  4 wyverns
  2 steam dragons (D:9)
  15 water moccasins
  4 black bears
  3 orc warriors (Bailey)
  An ogre (D:6)
  10 wolves
  3 centaurs
  2 kobold brigands (D:9)
  4 bullfrogs
  A gnoll sergeant (D:8)
  A scorpion (D:4)
  5 wights (D:8)
  8 howler monkeys
  3 bombardier beetles
  A jelly (D:6)
  An orc priest (D:10)
  A gnoll bouda (D:7)
  A hound (D:5)
  4 iguanas
  5 orc wizards
  Robin (D:4)
  12 gnolls
  4 adders
  A white imp (D:6)
  21 orcs
  3 bats
  2 endoplasms (D:3)
  A giant cockroach (D:1)
  13 goblins
  5 hobgoblins
  19 kobolds
  A quokka (D:3)
  5 ball pythons
  2 frilled lizards
  A rat (D:3)
263 creatures vanquished.

Vanquished Creatures (others)
  An orc wizard (D:3)
1 creature vanquished.

Grand Total: 264 creatures vanquished

Notes
Turn   | Place    | Note
-------+----------+-------------------------------------------
     0 | D:1      | tlatlagkaus the Mummy Alchemist began the quest for the
                  | Orb.
     0 | D:1      | Reached XP level 1. HP: 13/13 MP: 4/4
    44 | D:2      | Found Fesk's Weapon Shoppe.
    48 | D:2      | Reached skill level 1 in Conjurations
   117 | D:2      | Found Luta's Weapon Emporium.
   148 | D:2      | Reached skill level 3 in Spellcasting
   227 | D:3      | Reached XP level 2. HP: 19/19 MP: 3/6
   230 | D:3      | Learned a level 2 spell: Mercury Vapours
   356 | D:3      | Reached XP level 3. HP: 24/24 MP: 8/8
   365 | D:3      | Reached skill level 4 in Spellcasting
   377 | D:3      | Reached XP level 4. HP: 19/30 MP: 0/10
   408 | D:3      | Learned a level 4 spell: Olgreb's Toxic Radiance
   412 | D:3      | Learned a level 3 spell: Mephitic Cloud
   539 | D:4      | Found a burning altar of Makhleb.
   547 | D:4      | Found a bloodstained altar of Trog.
   557 | D:4      | Found a blossoming altar of Fedhas.
   565 | D:3      | Noticed Robin
   578 | D:4      | Killed Robin
   618 | D:4      | Found a hide-covered altar of Uskayaw.
   635 | D:4      | Noticed a scorpion
   636 | D:4      | Reached skill level 5 in Spellcasting
   636 | D:4      | Reached XP level 5. HP: 35/35 MP: 4/12
   663 | D:4      | Found a staircase to the Ecumenical Temple.
   669 | Temple   | Entered the Ecumenical Temple
   674 | Temple   | Became a worshipper of Vehumet
   828 | D:5      | Entered Level 5 of the Dungeon
   861 | D:5      | Found a glowing drain.
   863 | D:5      | Noticed Grinder
   863 | D:5      | Noticed a phantom
   947 | D:5      | Noticed Menkaure
   967 | D:6      | Learned a level 4 spell: Sticky Flame
   980 | D:5      | Reached XP level 6. HP: 32/41 MP: 7/14
  1116 | D:6      | Reached skill level 6 in Spellcasting
  1145 | D:6      | Reached * piety under Vehumet
  1145 | D:6      | Offered knowledge of Magic Dart by Vehumet.
  1150 | D:6      | Reached XP level 7. HP: 41/46 MP: 1/17
  1172 | D:6      | Found a runed translucent door.
  1177 | D:6      | Noticed korenl137's ghost (novice TeAE)
  1193 | D:6      | Reached skill level 7 in Spellcasting
  1193 | D:6      | Reached skill level 5 in Alchemy
  1199 | D:6      | Found a runed translucent door.
  1485 | D:7      | Reached skill level 8 in Spellcasting
  1488 | D:7      | Reached XP level 8. HP: 13/52 MP: 6/20
  1576 | D:8      | Reached ** piety under Vehumet
  1579 | D:8      | Offered knowledge of Foxfire by Vehumet.
  1589 | D:8      | Noticed Pikel
  1597 | D:8      | Reached skill level 9 in Spellcasting
  1599 | D:7      | Killed Pikel
  1645 | D:8      | Reached skill level 10 in Spellcasting
  1656 | D:8      | Reached skill level 1 in Fire Magic
  1748 | D:9      | Reached XP level 9. HP: 51/57 MP: 16/23
  1848 | D:8      | Noticed a two-headed ogre
  1859 | D:9      | Noticed a two-headed ogre
  1868 | D:9      | Killed a two-headed ogre
  1869 | D:9      | Reached skill level 11 in Spellcasting
  1951 | D:9      | Offered knowledge of Volatile Blastmotes by Vehumet.
  2053 | D:9      | Reached skill level 12 in Spellcasting
  2053 | D:9      | Reached XP level 10. HP: 45/63 MP: 19/26
  2055 | D:9      | Reached *** piety under Vehumet
  2059 | D:9      | Reached skill level 5 in Fire Magic
  2104 | D:9      | Found Ufusado's Serpentskin Sales.
  2121 | D:9      | Bought the Book of the Falcon for 336 gold pieces
  2137 | D:9      | Learned a level 6 spell: Eringya's Noxious Bog
  2213 | D:10     | Entered Level 10 of the Dungeon
  2230 | D:10     | Offered knowledge of Hailstorm by Vehumet.
  2231 | D:10     | Reached skill level 13 in Spellcasting
  2245 | D:10     | Found a flagged portal.
  2276 | Bailey   | Entered a bailey
  2290 | Bailey   | Noticed an orc warlord
  2308 | Bailey   | Reached **** piety under Vehumet
  2337 | Bailey   | Found a runed translucent gate.
  2339 | Bailey   | Found a runed translucent gate.
  2341 | Bailey   | Found a runed translucent gate.
  2416 | Bailey   | Killed an orc warlord
  2416 | Bailey   | Offered knowledge of Inner Flame by Vehumet.
  2421 | Bailey   | Learned a level 3 spell: Inner Flame
  2453 | Bailey   | Acquired the +2 pair of boots "Feuffogrec" {+Inv rF+
                  | Stlth+}
  2509 | D:10     | Reached skill level 14 in Spellcasting
  2516 | D:10     | Reached XP level 11. HP: 65/68 MP: 13/29
  2529 | D:10     | Found a staircase to the Lair.
  2626 | Lair:1   | Entered Level 1 of the Lair of Beasts
  2691 | Lair:1   | Identified the +7 quarterstaff of Terror {spect, rC+ Will+
                  | Str-5 SInv}
  2783 | Lair:1   | Noticed a death yak
  2784 | Lair:1   | Noticed a death yak
  2787 | Lair:1   | Noticed a death yak
  2788 | Lair:1   | Noticed a death yak
  2791 | Lair:1   | Noticed a death yak
  2794 | Lair:1   | Killed a death yak
  2795 | Lair:1   | Killed a death yak
  2795 | Lair:1   | Killed a death yak
  2796 | Lair:1   | Reached skill level 15 in Spellcasting
  2796 | Lair:1   | Killed a death yak
  2798 | Lair:1   | Killed a death yak
  2881 | Lair:3   | Reached ***** piety under Vehumet
  2881 | Lair:3   | Offered knowledge of Flame Wave by Vehumet.
  2899 | Lair:3   | Noticed a death yak
  2900 | Lair:3   | Noticed a death yak
  2917 | Lair:3   | Killed a death yak
  2918 | Lair:3   | Reached skill level 16 in Spellcasting
  2919 | Lair:3   | Killed a death yak
  2920 | Lair:3   | Reached XP level 12. HP: 69/74 MP: 21/32
  2928 | Lair:3   | Noticed a death yak
  2935 | Lair:3   | Killed a death yak
  3011 | Lair:4   | Noticed Snorg
  3035 | Lair:4   | Killed Snorg
  3036 | Lair:4   | Reached skill level 10 in Fire Magic
  3067 | Lair:4   | Found a viscous altar of Jiyva.
  3068 | Lair:4   | Found a staircase to the Slime Pits.
  3094 | Lair:4   | Noticed a catoblepas
  3101 | Lair:4   | Killed a catoblepas
  3112 | Lair:4   | Noticed an eight-headed hydra
  3118 | Lair:4   | Killed an eight-headed hydra
  3119 | Lair:4   | Reached skill level 17 in Spellcasting
  3173 | Lair:4   | Noticed a death yak
  3175 | Lair:4   | Noticed a death yak
  3175 | Lair:4   | Noticed a death yak
  3175 | Lair:4   | Noticed a death yak
  3175 | Lair:4   | Noticed a death yak
  3187 | Lair:4   | Killed a death yak
  3187 | Lair:4   | Killed a death yak
  3187 | Lair:4   | Killed a death yak
  3189 | Lair:4   | Killed a death yak
  3193 | Lair:4   | Killed a death yak
  3245 | Lair:5   | Entered Level 5 of the Lair of Beasts
  3249 | Lair:5   | Reached skill level 18 in Spellcasting
  3252 | Lair:5   | Noticed a death yak
  3252 | Lair:5   | Noticed a death yak
  3252 | Lair:5   | Noticed a death yak
  3255 | Lair:5   | Noticed a death yak
  3257 | Lair:5   | Gained mutation: You are strongly in touch with the powers
                  | of death. [Mummy growth]
  3257 | Lair:5   | Reached XP level 13. HP: 54/79 MP: 18/35
  3273 | Lair:5   | Killed by an exploding five-headed hydra... ignited by
                  | their inner flame

Illustrated notes

Levels and vault maps discovered:
D:1:      amcnicky_arrival_underground_garden, layout_loops_ring,
          hellmonk_ecumenical_altar_run_dry, st_stairs_6,
          chequers_serial_rivers_large_a, minmay_surrounded
D:2:      layout_basic, serial_shops, shop, nicolae_shop_bloodbath_and_beyond,
          shop, shop
D:3:      minmay_octagon_keep, layout_loops_ring, kennysheep_donut,
          minmay_close_crescents, uniq_natasha, uniq_robin
D:4:      layout_loops_cross, lightli_temple_of_fire,
          nicolae_uskayaw_murder_on_the_dancefloor,
          chequers_temple_overflow_statue_of_worship,
          minmay_temple_entry_enclosed_plants, chequers_hall_statues_corner_a
D:5:      kennysheep_windowed_halls, layout_basic,
          cheibrodos_sewer_entry_sluice, uniq_grinder, uniq_menkaure
D:6:      layout_loops_cross, ebering_ghost_sewer_f
D:7:      layout_basic, minitemple, uniq_duvessa, uniq_maurice,
          uniq_crazy_yiuf_cottage
D:8:      layout_gridville, ashenzari_conservatory_becter, uniq_pikel,
          uniq_maggie
D:9:      layout_roguey, grunt_ministairs_14, guppyfry_shop_venom
D:10:     layout_basic, minmay_lair_entry_grove, enter_bailey_5
D:11:     layout_cave_pools, zombieorc1_lemuel, serial_shops,
          nicolae_stop_n_shop_2, minivault_16, uniq_sonja, uniq_josephine
Temple:   minmay_freezing_vapour_temple
Lair:1:   layout_small_grid, grunt_megastairs_1, uniq_joseph, uniq_fannar
Lair:2:   layout_cave_pods, nicolae_snake_entry_squirm, eino_house_with_fridge,
          uniq_amaemon
Lair:3:   layout_loops_ring, minmay_swamp_entry_worms, basic_altar,
          beast_lair_carwin_11
Lair:4:   layout_roguey, dpeg_slime_entry_enclosed,
          nicolae_quartered_pool_super, serial_bayou_shore_b,
          serial_bayou_shore_a, uniq_snorg
Lair:5:   guppyfry_lair_end_dragon, layout_hall_layers,
          hangedman_lair_caniforms_friends

Skill      XL: |  1  2  3  4  5  6  7  8  9 10 11 12 |
---------------+-------------------------------------+-----
Conjurations   | 1 |  1.0
Spellcasting   | 3 4 5 6 8 10 12 14 16 18 | 18.6
Alchemy        | 3 4 6 7 8 |  8.0
Fire Magic     | 1 4 7 9 11 | 11.7
Dodging        | |  1.5
Stealth        | |  1.5

Action                     |  1- 3 |  4- 6 |  7- 9 | 10-12 | 13-15 || total
---------------------------+-------+-------+-------+-------+-------++-------
  Melee: Dagger            |    63 |    69 |       |       |       ||   132
   Fire: Arbalest          |       |     8 |   148 |   117 |     3 ||   276
   Cast: Sting             |    24 |    31 |    16 |     3 |       ||    74
         Olgreb's Toxic Ra |       |     5 |    14 |    22 |       ||    41
         Mercury Vapours   |       |     6 |     5 |     1 |       ||    12
         Sticky Flame      |       |       |    14 |    30 |     1 ||    45
         Mephitic Cloud    |       |       |     4 |     4 |       ||     8
         Eringya's Noxious |       |       |       |    31 |     1 ||    32
         Inner Flame       |       |       |       |    10 |     4 ||    14
    Use: Scroll            |       |       |     1 |     9 |       ||    10
 Armour: Robe              |    46 |    56 |    78 |       |       ||   180
         Steam dragon scal |       |       |     2 |    93 |     9 ||   104
  Dodge: Dodged            |    38 |    57 |    49 |   104 |     3 ||   251

Table legend: (Time is in decaauts)
 A = Elapsed time spent in this place.
 B = Non-inter-level travel time spent in this place.
 C = Inter-level travel time spent in this place.
 D = Time resting spent in this place.
 E = Time spent auto-exploring this place.
 F = Levels seen in this place.
 G = Mean time per level.
                   A        B        C        D        E       F      G
               +--------+--------+--------+--------+--------+-----+--------+
         Total |   3564 |   3471 |     93 |      0 |      0 |  18 |  198.0 |
       Dungeon |   2569 |   2480 |     89 |      0 |      0 |  11 |  233.5 |
        Temple |     10 |      6 |      4 |      0 |      0 |   1 |   10.0 |
          Lair |    732 |    732 |      0 |      0 |      0 |   5 |  146.4 |
        Bailey |    251 |    251 |      0 |      0 |      0 |   1 |  251.0 |
               +--------+--------+--------+--------+--------+-----+--------+

Top non-repeatable levels by time:
     D:9: 520 daAuts
     D:6: 387 daAuts
     D:4: 350 daAuts
     D:7: 342 daAuts
  Lair:4: 276 daAuts
     D:3: 274 daAuts
  Bailey: 251 daAuts
    D:10: 214 daAuts
  Lair:1: 202 daAuts
     D:5: 170 daAuts
     D:2: 167 daAuts
  Lair:3: 137 daAuts
     D:8: 95 daAuts
  Lair:2: 77 daAuts
     D:1: 44 daAuts
